 Dungeon Crawl Stone Soup version 0.27.1-34-g3ba077fa99 (webtiles) character file.

Game seed: 5138411332067922742

183919 pkoi the Black Belt (level 17, -1/126 HPs)
             Began as a Black Draconian Monk on Jan 12, 2022.
             Was the Champion of Hepliaklqana.
             Slain by a merfolk (21 damage)
             ... on level 1 of the Shoals on Jan 13, 2022.
             The game lasted 01:49:08 (54148 turns).

pkoi the Black Belt (Black Draconian Monk)         Turns: 54148, Time: 01:49:10

Health: -1/126     AC: 13    Str: 20    XL:     17   Next: 76%
Magic:  26/30      EV: 19    Int: 17    God:    Hepliaklqana [******]
Gold:   651        SH:  0    Dex: 20    Spells: 21/35 levels left

rFire    . . .     SeeInvis .     - Unarmed
rCold    . . .     Faith    .   (shield currently unavailable)
rNeg     + . .     Spirit   .   (armour unavailable)
rPois    .         Reflect  .   (helmet restricted)
rElec    +         Harm     .   e - +1 cloak
rCorr    +         Rampage  .   (gloves currently unavailable)
Will     ++++.     Clarity  +   J - +1 pair of boots
Stlth    ++........             o - amulet of the Four Winds {rN+ Will+++ Clar}
HPRegen  0.31/turn              k - ring of Nugaoreu {Drain +Blink rCorr Str+6 Dex+6}
MPRegen  0.22/turn              m - +4 ring of slaying

@: mighty, blade hands, flying, studying Transmutations
A: flying, reduced essence, breathe lightning, AC +9, unfitting armour, big
wings, electricity resistance, cold-blooded
a: Breathe Lightning, End Transformation, Renounce Religion, Evoke Blink, Recall
Ancestor, Ancestor Identity, Transference, Idealise


You were on level 1 of the Shoals.
You worshipped Hepliaklqana.
Hepliaklqana was exalted by your worship.
You had blades for hands.
You visited 6 branches of the dungeon, and saw 28 of its levels.
You also visited: Bailey.

You collected 5228 gold pieces.
You spent 4577 gold pieces at shops.

Inventory:

Missiles
 h - 2 curare-tipped darts
 u - 20 poisoned darts
Armour
 e - a +1 cloak (worn)
 p - a +1 pair of gloves (melded)
 J - a +1 pair of boots (worn)
Jewellery
 a - a ring of positive energy
 f - an amulet of guardian spirit
 k - a ring of Nugaoreu (left blade hand) {Drain +Blink rCorr Str+6 Dex+6}
   (You bought it in a shop on level 14 of the Dungeon)

   [ring of strength]

   Str:       It affects your strength (+6).
   Dex:       It affects your dexterity (+6).
   +Blink:    It lets you blink.
   rCorr:     It protects you from acid and corrosion.
   Drain:     It drains your maximum health when unequipped.
 m - a +4 ring of slaying (right blade hand)
 o - the amulet of the Four Winds (around neck) {rN+ Will+++ Clar}
   (You bought it in a shop on level 14 of the Dungeon)

   [amulet of nothing]

   rN:        It protects you from negative energy.
   Clar:      It protects you against confusion.
   Will:      It greatly increases your willpower.
 v - a +4 ring of protection
Wands
 s - a wand of mindburst (11)
 x - a wand of charming (16)
 B - a wand of flame (62)
 C - a wand of acid (16)
 F - a wand of digging (17)
 G - a wand of iceblast (27)
 H - a wand of paralysis (16)
 L - a wand of polymorph (26)
Scrolls
 b - 2 scrolls of magic mapping
 g - a scroll of enchant armour
 j - 4 scrolls of teleportation
 q - 4 scrolls of amnesia
 r - a scroll of summoning
 y - 4 scrolls of fear
 K - 5 scrolls of enchant weapon
 M - 9 scrolls of identify
Potions
 c - 5 potions of curing
 d - 5 potions of haste
 l - 6 potions of heal wounds
 n - 8 potions of might
 w - 5 potions of brilliance
 z - a potion of magic
 A - 2 potions of invisibility
 E - 5 potions of cancellation
 N - a potion of resistance
Miscellaneous
 D - a lightning rod (4/4)


   Skills:
 + Level 10.1 Fighting
 + Level 9.7 Dodging
 - Level 1.7 Stealth
 - Level 18.8 Unarmed Combat
 + Level 9.5 Spellcasting
 - Level 12.4 Translocations
 - Level 13.0 Transmutations
 - Level 9.0 Invocations
 - Level 6.0 Evocations


You had 21 spell levels left.
You knew the following spells:

 Your Spells              Type           Power      Damage    Failure   Level
a - Blade Hands           Tmut           25%        N/A       17%         5
b - Passage of Golubria   Tloc           N/A        N/A       12%         4
c - Manifold Assault      Tloc           50%        N/A       19%         5

Your spell library contained the following spells:

 Spells                   Type           Power      Damage    Failure   Level
 Gell's Gravitas          Tloc           25%        N/A       8%          3
 Lesser Beckoning         Tloc           25%        N/A       8%          3
 Teleport Other           Tloc           50%        N/A       8%          3
 Passwall                 Tmut/Erth      25%        N/A       14%         2
 Portal Projectile        Hex/Tloc       58%        N/A       21%         3
 Petrify                  Tmut/Erth      30%        N/A       36%         4
 Corona                   Hex            8%         N/A       43%         1
 Magic Dart               Conj           32%        1d4       43%         1
 Sandblast                Erth           16%        2d6       43%         1
 Dispersal                Tloc           25%        N/A       43%         6
 Call Imp                 Summ           8%         N/A       54%         2
 Ensorcelled Hibernation  Hex/Ice        16%        N/A       54%         2
 Slow                     Hex            8%         N/A       54%         2
 Call Canine Familiar     Summ           8%         N/A       69%         3
 Confusing Touch          Hex            8%         N/A       69%         3
 Dazzling Flash           Conj/Hex       16%        N/A       69%         3
 Mephitic Cloud           Conj/Pois/Air  8%         N/A       69%         3
 Tukima's Dance           Hex            8%         N/A       69%         3
 Vampiric Draining        Necr           4%         2d6       69%         3
 Leda's Liquefaction      Hex/Erth       4%         N/A       94%         4
 Agony                    Necr           8%         N/A       99%         5
 Excruciating Wounds      Necr           4%         N/A       99%         5
 Lee's Rapid Deconstruct  Erth           4%         3d6*      99%         5
 Silence                  Hex/Air        4%         N/A       99%         5
 Conjure Ball Lightning   Conj/Air       4%         3x3d6     100%        6
 Iron Shot                Conj/Erth      4%         9d2       100%        6
 Discord                  Hex            4%         N/A       100%        8
 Disjunction              Tloc           25%        N/A       100%        8
 Lehudib's Crystal Spear  Conj/Erth      4%         10d3      100%        8
 Animate Armour           Summ/Erth      Unusable   N/A       N/A         4

Dungeon Overview and Level Annotations

Branches:
Dungeon (15/15) Temple (1/1) D:5 Lair (6/6) D:10 Shoals (1/4) Lair:3 Snake (3/4) Lair:4 Slime (0/5) Lair:6 Orc (2/2) D:9 Elf (0/3) Orc:2 Vaults (0/5) D:12 D:13 Depths (0/5) D:15 Bailey (visited)

Altars:
Ashenzari
Cheibriados
Dithmenos
Elyvilon
Fedhas
Gozag
Hepliaklqana
Kikubaaqudgha
Makhleb
Nemelex Xobeh
Okawaru
Qazlal
Ru
Sif Muna
Trog
Uskayaw
Vehumet
Wu Jian
Xom
Yredelemnul
Zin
The Shining One

Shops:
D:2 !   D:5 [::   D:14 =   Orc:1 !   Orc:2 =((([([(   Snake:3 !

Portals:
Hell: Lair:6
Trove: D:14 (give 3 potions of resistance)

Annotations:
D:14 Roxanne
D:15 1 runed translucent door, Waecyras's ghost, adept KoGl
Lair:5 exclusion: oklob plant
Snake:1 Frances
Snake:2 exclusion: 2 ice statues
Orc:2 1 runed translucent door, boopmooplesden's ghost, journeyman MiFi


Innate Abilities, Weirdness & Mutations

You have blades for hands.
You are flying.
Your spellcasting is less reliable in this form.
You are incapable of wielding weapons or throwing items.
Your life essence is reduced to manifest your ancestor. (-10% HP)
You can breathe wild blasts of lightning.
Your glossy black scales are hard. (AC +9)
You cannot fit into any form of body armour.
Your large and strong wings let you fly.
You are resistant to electric shocks. (rElec)
You are cold-blooded and may be slowed by cold attacks.


Message History

Oksana burns the merfolk.
The water nymph gestures at you while chanting.
The water rises up and strikes you!
You closely miss the water nymph. The snapping turtle closely misses you.
The merfolk hits you from afar with a +0 trident.
The merfolk closely misses you.
The snapping turtle bites you from afar!!
Oksana hits the merfolk with a +0 broad axe of flaming!!
Oksana burns the merfolk!
The merfolk siren hits you from afar with a +0 spear.
You hit the water nymph. You tail-slap the water nymph.
You slash the water nymph!!
The water nymph is severely wounded.
The water nymph casts a spell at you. The water rises up and strikes you!!
* * * LOW HITPOINT WARNING * * *
The snapping turtle bites you.
* * * LOW HITPOINT WARNING * * *
The merfolk barely misses you.
The merfolk hits you from afar with a +0 trident!
* * * LOW HITPOINT WARNING * * *
The snapping turtle bites you but does no damage.
Unknown command.
You feel much better.
Oksana closely misses the merfolk.
The merfolk siren barely misses you. The water nymph touches you!
* * * LOW HITPOINT WARNING * * *
The water nymph drowns you!
* * * LOW HITPOINT WARNING * * *
The snapping turtle barely misses you. The merfolk barely misses you.
The merfolk hits you from afar with a +0 trident.
* * * LOW HITPOINT WARNING * * *
The snapping turtle closely misses you.
You feel very mighty all of a sudden.
Oksana closely misses the merfolk.
The merfolk siren hits you from afar with a +0 spear.
* * * LOW HITPOINT WARNING * * *
The water nymph misses you.
The snapping turtle bites you but does no damage.
The merfolk hits you from afar with a +0 trident!!
You die...

≈≈≈≈≈≈≈≈≈≈≈≈≈≈≈≈≈≈≈≈≈≈≈
≈≈≈≈≈≈≈≈≈≈.≈≈..≈≈≈≈≈≈≈≈
≈≈≈≈≈≈.≈.≈##≈##..≈≈≈≈≈≈≈
≈≈≈≈....##≈≈≈≈≈##≈≈≈≈≈≈≈
.........≈≈≈≈≈≈≈(≈≈≈≈≈≈≈
......#..≈≈≈.≈≈≈≈≈#≈≈≈≈≈
......#..≈≈....>≈≈#≈≈≈≈≈
.....#...≈.....≈≈R≈#≈≈≈≈
.....#...≈.)..tt@≈m#≈≈≈≈≈
....≈....≈≈...m≈≈m≈≈≈≈≈≈≈
....≈#...≈≈....m))≈#≈≈≈≈≈
...÷.#≈..≈≈≈≈.≈≈≈≈≈#≈≈≈≈≈
......#≈.≈≈≈≈≈≈≈≈≈#≈≈≈≈≈≈
>.....#..[≈≈≈≈≈(≈≈#≈≈≈≈≈.
.........≈≈≈≈≈(≈≈≈≈≈≈≈≈≈≈
........##≈≈≈≈≈##≈≈≈≈≈≈≈≈
.........≈##≈##≈≈≈≈≈≈≈≈≈≈


You could see the friendly Oksana the knight, 2 snapping turtles, 2 merfolk, a
merfolk siren and a water nymph.

Vanquished Creatures
  Rupert (D:13)
  Kirke (Lair:5)
  An iron dragon (D:14)
  Louise (Snake:1)
  Aizul (Snake:1)
  An orc warlord (Orc:1)
  3 ettins
  Josephine (D:15)
  A merfolk impaler (Shoals:1)
  3 centaur warriors
  6 hydras
  4 naga warriors
  A boulder beetle (D:13)
  2 ogre magi
  11 two-headed ogres
  5 anacondas
  3 death yaks
  2 tengu warriors (D:15)
  Nergalle (D:12)
  3 orc high priests (Orc:2)
  4 shock serpents
  5 naga sharpshooters
  2 lindwurms
  A sea snake (Lair:3)
  A wizard (Lair:6)
  4 harpies (Lair:3)
  2 orc knights
  A deep elf pyromancer (D:14)
  5 mana vipers
  2 orc sorcerers
  3 manticores
  2 cyclopes (D:13)
  3 salamanders
  3 ugly things (D:14)
  12 elephants
  5 naga magi
  19 black mambas
  A merfolk siren (Shoals:1)
  2 guardian serpents
  An orange demon (Lair:6)
  7 cane toads
  6 rime drakes
  7 komodo dragons
  A kobold demonologist (D:13)
  An efreet (D:14)
  4 merfolk
  3 meliai (D:14)
  10 trolls
  2 polar bears
  A wind drake (Shoals:1)
  3 slime creatures (D:12)
  27 blink frogs
  3 dream sheep (Lair:6)
  Sigmund (D:3)
  A shadow (D:12)
  2 hogs (Lair:5)
  A vampire (D:9)
  9 wyverns
  20 yaks
  10 humans (D:13)
  3 basilisks
  5 wraiths
  2 steam dragons
  2 wargs
  2 acid dragons (D:12)
  16 nagas
  5 water moccasins
  4 hell hounds (Lair:6)
  Duvessa (D:7)
  A black bear (Lair:4)
  A hornet zombie (D:5)
  8 ogres
  28 orc warriors
  An ice beast (D:6)
  6 wolves
  2 boggarts (D:14)
  4 centaurs
  3 kobold brigands
  8 bullfrogs
  2 scorpions (D:5)
  Dowan (D:7)
  A water moccasin zombie (D:6)
  2 water moccasin skeletons
  8 killer bees
  4 wights
  A howler monkey (D:6)
  5 centaur zombies
  19 orc priests
  3 hounds
  A jelly (Lair:6)
  Jessica (D:3)
  A bullfrog skeleton (D:5)
  An iguana (D:6)
  Terence (D:2)
  20 orc wizards
  6 hell rats (Lair:6)
  A hound skeleton (D:4)
  2 howler monkey zombies
  A gnoll (D:13)
  4 adders
  A howler monkey skeleton (D:6)
  A shadow imp (D:6)
  3 white imps
  2 ufetubi (D:5)
  An adder skeleton (D:4)
  A worm (D:4)
  3 dart slugs
  54 orcs
  3 bats (D:1)
  9 endoplasms
  4 giant cockroaches
  8 hobgoblins
  2 jackals (D:2)
  20 kobolds
  2 quokkas
  10 ball pythons
  3 frilled lizards
  7 goblins
  5 rats
575 creatures vanquished.

Vanquished Creatures (collateral kills)
  A dire elephant (Lair:6)
  A boulder beetle (Lair:6)
  4 hydras
  A naga warrior (Snake:3)
  5 anacondas
  2 two-headed ogres
  A centaur warrior (D:14)
  A death yak (Lair:5)
  An orc high priest (Orc:2)
  A shock serpent (Snake:3)
  2 naga sharpshooters
  A sixfirhy (Lair:6)
  4 naga ritualists
  2 orc knights
  3 deep elf pyromancers (D:14)
  4 mana vipers
  An orc sorcerer (D:9)
  3 manticores
  2 salamanders
  7 ugly things (D:14)
  9 black mambas
  A cyclops (D:13)
  2 centaur zombies
  A smoke demon (Lair:6)
  8 naga magi
  4 elephants
  3 orange demons (Lair:6)
  A gargoyle (D:14)
  6 cane toads
  A torpor snail (Lair:2)
  4 rime drakes
  4 komodo dragons
  An efreet (D:13)
  2 red devils (Lair:6)
  5 trolls
  A polar bear (Lair:4)
  A merfolk (Shoals:1)
  7 dream sheep (Lair:6)
  7 blink frogs
  2 wraiths (D:15)
  3 wyverns
  3 hogs (Lair:5)
  6 basilisks
  6 humans (D:13)
  6 yaks
  A steam dragon (D:8)
  A warg (Orc:1)
  9 nagas
  An acid dragon (D:12)
  3 hell hounds (Lair:6)
  3 water moccasins
  A sky beast (D:6)
  7 orc warriors
  6 ogres
  A boggart (D:14)
  A centaur (Lair:3)
  A kobold brigand (D:8)
  2 bullfrogs
  3 wights
  2 killer bees (D:10)
  An electric eel (Lair:4)
  2 jellies (Lair:6)
  4 orc priests
  10 orc wizards
  2 hell rats (Lair:6)
  21 orcs
  An endoplasm (Lair:6)
  6 kobolds (D:8)
230 creatures vanquished.

Vanquished Creatures (others)
  3 dream sheep (Lair:6)
  2 boggarts (D:14)
  9 knights
  2 bushes (Lair:6)
  63 fungi
  92 plants
171 creatures vanquished.

Grand Total: 976 creatures vanquished

Notes
Turn   | Place    | Note
-------+----------+-------------------------------------------
     0 | D:1      | pkoi the Draconian Monk began the quest for the Orb.
     0 | D:1      | Reached XP level 1. HP: 19/19 MP: 1/1
   194 | D:1      | Reached XP level 2. HP: 20/26 MP: 2/2
   376 | D:1      | Reached skill level 4 in Unarmed Combat
   509 | D:1      | Reached XP level 3. HP: 30/31 MP: 3/3
   700 | D:1      | You fall into a shaft and drop 1 floor!
   748 | D:2      | Noticed Terence
   973 | D:1      | Found a faded altar of an unknown god.
  1068 | D:2      | Found Oqool's Distillery.
  1078 | D:2      | Bought a potion of degeneration for 10 gold pieces
  1078 | D:2      | Bought a potion of heal wounds for 50 gold pieces
  1097 | D:2      | Reached XP level 4. HP: 34/38 MP: 4/4
  1245 | D:2      | Reached skill level 5 in Unarmed Combat
  1485 | D:2      | Found a glowing silver altar of Zin.
  1813 | D:3      | Noticed Sigmund
  1902 | D:3      | Noticed Jessica
  1912 | D:3      | Killed Jessica
  2358 | D:4      | Reached skill level 6 in Unarmed Combat
  2358 | D:4      | Reached XP level 5. HP: 40/45 MP: 3/5
  2409 | D:4      | Found a stormy altar of Qazlal.
  2650 | D:4      | Found a broken altar of Ashenzari.
  3024 | D:3      | You fall into a shaft and drop 1 floor!
  3337 | D:5      | Entered Level 5 of the Dungeon
  3393 | D:5      | Found Jeuniyss's Book Shop.
  3394 | D:5      | Found Casoum Ruoqa's Book Boutique.
  3408 | D:5      | Noticed an ogre
  3415 | D:5      | Killed an ogre
  3416 | D:5      | Reached XP level 6. HP: 52/52 MP: 6/6
  3572 | D:5      | Found Sext's Armour Emporium.
  3700 | D:5      | Your scales start taking on a glossy black colour.
  3700 | D:5      | Reached XP level 7. HP: 45/60 MP: 5/7
  3700 | D:5      | Gained mutation: You are resistant to electric shocks.
                  | (rElec) [Black Draconian growth]
  3854 | D:5      | Reached skill level 5 in Fighting
  3854 | D:5      | Reached skill level 7 in Unarmed Combat
  4080 | D:5      | Found a staircase to the Ecumenical Temple.
  4089 | Temple   | Entered the Ecumenical Temple
  4746 | D:6      | Reached skill level 8 in Unarmed Combat
  4902 | D:6      | Found an opulent altar of Gozag.
  5137 | D:6      | Found a hide-covered altar of Uskayaw.
  5137 | D:6      | Found a hazy altar of Hepliaklqana.
  5143 | D:6      | Found an ancient bone altar of Kikubaaqudgha.
  5145 | D:6      | Became a worshipper of Hepliaklqana the Forgotten
  5145 | D:6      | Reached * piety under Hepliaklqana
  5145 | D:6      | Reached ** piety under Hepliaklqana
  5146 | D:6      | Remembered your ancestor Oksana as a knight
  5152 | D:6      | Reached XP level 8. HP: 54/61 MP: 8/8
  5184 | D:6      | Found a snail-covered altar of Cheibriados.
  5186 | D:6      | Found a bloodstained altar of Trog.
  5412 | D:7      | Reached skill level 9 in Unarmed Combat
  5436 | D:7      | Reached skill level 10 in Unarmed Combat
  5722 | D:7      | Noticed Dowan
  5723 | D:7      | Noticed Duvessa
  5765 | D:7      | Killed Duvessa
  5774 | D:7      | Killed Dowan
  6127 | D:8      | Found a shadowy altar of Dithmenos.
  6224 | D:7      | Reached skill level 11 in Unarmed Combat
  6389 | D:8      | Reached XP level 9. HP: 43/66 MP: 4/9
  6511 | D:8      | Reached *** piety under Hepliaklqana
  6553 | D:8      | Reached skill level 1 in Invocations
  7276 | D:2      | Found a glowing silver altar of Zin.
  7359 | D:2      | Found Oqool's Distillery.
  7581 | D:2      | Killed Terence
  8062 | D:3      | Killed Sigmund
  8994 | D:9      | Noticed a troll
  9363 | D:9      | Reached **** piety under Hepliaklqana
  9447 | D:9      | Reached skill level 5 in Invocations
  9607 | D:9      | Noticed a two-headed ogre
  9641 | D:9      | Reached skill level 12 in Unarmed Combat
  9742 | D:9      | Noticed a troll
 10126 | D:9      | Found a staircase to the Orcish Mines.
 10153 | D:9      | Reached XP level 10. HP: 51/72 MP: 8/14
 10204 | D:9      | Killed a two-headed ogre
 10387 | D:9      | Reached skill level 5 in Dodging
 10581 | D:10     | Entered Level 10 of the Dungeon
 10643 | D:10     | Noticed a two-headed ogre
 10651 | D:10     | Killed a two-headed ogre
 11180 | D:10     | Reached skill level 13 in Unarmed Combat
 12383 | D:10     | Found a staircase to the Lair.
 12390 | Lair:1   | Entered Level 1 of the Lair of Beasts
 12390 | Lair:1   | Reached ***** piety under Hepliaklqana
 12394 | Lair:1   | Noticed a black mamba
 12406 | D:10     | Killed a black mamba
 12407 | D:10     | Reached skill level 1 in Evocations
 12407 | D:10     | Reached XP level 11. HP: 32/84 MP: 5/15
 13111 | Lair:1   | Noticed a six-headed hydra
 13446 | Lair:1   | Killed a six-headed hydra
 14710 | Lair:2   | Learned a level 5 spell: Blade Hands
 14791 | Lair:2   | Reached skill level 14 in Unarmed Combat
 14791 | Lair:2   | Reached skill level 1 in Spellcasting
 14791 | Lair:2   | Reached skill level 1 in Transmutations
 16182 | Lair:3   | Reached XP level 12. HP: 88/93 MP: 16/18
 16484 | Lair:3   | Found a staircase to the Shoals.
 17442 | Lair:4   | Found a staircase to the Snake Pit.
 17630 | Orc:1    | Entered Level 1 of the Orcish Mines
 18009 | Orc:1    | Paralysed by an orc sorcerer for 4 turns
 18464 | Orc:1    | Noticed an ettin
 18476 | Orc:1    | Killed an ettin
 18479 | Orc:1    | Noticed an ettin
 18796 | Orc:1    | Killed an ettin
 19580 | D:5      | Bought a manual of Transmutations for 880 gold pieces
 19885 | Lair:4   | Noticed a seven-headed hydra
 20134 | Lair:3   | Reached skill level 5 in Transmutations
 20236 | Lair:4   | Killed a seven-headed hydra
 20669 | Lair:4   | Reached skill level 5 in Spellcasting
 20695 | Lair:4   | Learned a level 4 spell: Passage of Golubria
 21013 | Lair:4   | Reached skill level 1 in Translocations
 21017 | Lair:4   | Reached XP level 13. HP: 82/99 MP: 17/20
 21790 | Lair:5   | Reached ****** piety under Hepliaklqana
 21956 | Lair:5   | Noticed Kirke
 22459 | Lair:5   | Reached skill level 15 in Unarmed Combat
 22483 | Lair:5   | Killed Kirke
 23427 | Lair:6   | Entered Level 6 of the Lair of Beasts
 24175 | Lair:6   | Reached skill level 5 in Evocations
 24559 | Lair:6   | Gained mutation: Your large and strong wings let you fly.
                  | [Black Draconian growth]
 24559 | Lair:6   | Reached XP level 14. HP: 92/106 MP: 18/23
 24972 | Lair:6   | Reached skill level 5 in Translocations
 25489 | Lair:6   | Reached skill level 10 in Transmutations
 25937 | Lair:6   | Found a staircase to the Slime Pits.
 27912 | Lair:6   | Found a burning altar of Makhleb.
 27918 | Lair:6   | Found a gateway to Hell.
 28665 | D:5      | Bought the Compendium of the Displaced Mountains for 576
                  | gold pieces
 28839 | Orc:2    | Entered Level 2 of the Orcish Mines
 28840 | Orc:2    | Found Gunwot's Jewellery Shoppe.
 28894 | Orc:2    | Reached skill level 16 in Unarmed Combat
 28996 | Orc:2    | Found a runed translucent door.
 28996 | Orc:2    | Found a shimmering altar of Xom.
 28996 | Orc:2    | Noticed boopmooplesden's ghost (journeyman MiFi)
 28997 | Orc:2    | Identified the +7 halberd "Carecuo" {chaos, rC++}
 29111 | Orc:2    | Found a staircase to the Elven Halls.
 29327 | Orc:1    | Learned a level 5 spell: Manifold Assault
 29385 | Orc:2    | Found Egaakhaep's Weapon Emporium.
 29984 | Orc:2    | Found Teme's Weapon Shop.
 30089 | Orc:2    | Noticed an orc warlord
 30163 | Orc:1    | Killed an orc warlord
 30713 | Orc:2    | Found Mefoewn's Armour Shoppe.
 30713 | Orc:2    | Found Lierr's Antique Weapon Emporium.
 30713 | Orc:2    | Found Jeecs's Armour Emporium.
 30745 | Orc:2    | Found Iddurux's Antique Weapon Shoppe.
 31470 | Orc:1    | Found Coahoam's Distillery.
 31499 | Orc:1    | Bought a potion of resistance for 160 gold pieces
 31499 | Orc:1    | Bought a potion of heal wounds for 80 gold pieces
 31499 | Orc:1    | Bought a potion of heal wounds for 80 gold pieces
 31499 | Orc:1    | Bought a potion of heal wounds for 80 gold pieces
 31713 | Orc:2    | Found Mokeillo's Antique Weapon Emporium.
 33389 | D:12     | Noticed Nergalle
 33401 | D:12     | Killed Nergalle
 33478 | D:12     | Reached XP level 15. HP: 110/111 MP: 24/24
 34917 | D:13     | Noticed Rupert
 34917 | D:13     | Found a gate to the Vaults.
 35108 | D:13     | Found a flagged portal.
 35123 | Bailey   | Entered a bailey
 35510 | Bailey   | Reached skill level 10 in Translocations
 35510 | Bailey   | Reached XP level 16. HP: 118/118 MP: 24/26
 36006 | D:13     | Killed Rupert
 36627 | D:13     | Reached skill level 17 in Unarmed Combat
 37174 | D:14     | Found a portal to a secret trove of treasure.
 37481 | D:14     | Found Mywag's Jewellery Boutique.
 37985 | D:14     | Found the +6 shillelagh "Devastator" {shatter}
 38120 | D:14     | Noticed Roxanne
 38949 | Shoals:1 | Entered Level 1 of the Shoals
 39377 | Lair:3   | HP: 3/118 [harpy (9)]
 39752 | Snake:1  | Entered Level 1 of the Snake Pit
 42624 | Snake:1  | You are sucked into a shaft and drop 1 floor!
 42767 | Snake:2  | Reached XP level 17. HP: 15/123 MP: 7/29
 43718 | Snake:1  | Noticed Frances
 44091 | Snake:1  | Identified 3 scrolls of acquirement
 44092 | Snake:1  | Acquired 1061 gold pieces
 44200 | Snake:1  | Acquired 882 gold pieces
 44202 | Snake:1  | Acquired 493 gold pieces
 44456 | D:14     | Bought a ring of Nugaoreu {Drain +Blink rCorr Str+6 Dex+6}
                  | for 1531 gold pieces
 44456 | D:14     | Bought the amulet of the Four Winds {rN+ Will+++ Clar} for
                  | 790 gold pieces
 44456 | D:14     | Found the amulet of the Four Winds {rN+ Will+++ Clar}
 44804 | D:14     | Found an ornate altar of the Wu Jian Council.
 44833 | D:14     | Reached skill level 18 in Unarmed Combat
 45763 | D:15     | Entered Level 15 of the Dungeon
 45818 | D:15     | Found a staircase to the Depths.
 45832 | D:15     | Found a runed translucent door.
 45837 | D:15     | Noticed Waecyras's ghost (adept KoGl)
 46200 | D:15     | Noticed Josephine
 46208 | D:15     | Killed Josephine
 46888 | Snake:1  | Noticed Louise
 46900 | Snake:1  | Killed Louise
 47338 | Snake:1  | Noticed Aizul
 47355 | Snake:1  | Killed Aizul
 47900 | Snake:1  | HP: 5/123 [soul eater/drain life[Frances] (6)]
 52800 | Snake:3  | Found Faehoaxt's Distillery.
 52879 | Snake:3  | Bought 2 potions of heal wounds for 170 gold pieces
 52879 | Snake:3  | Bought a potion of haste for 170 gold pieces
 53231 | Lair:3   | Reached skill level 10 in Fighting
 54148 | Shoals:1 | Slain by a merfolk

Illustrated notes

Levels and vault maps discovered:
D:1:      minmay_arrival_open_corners, layout_loops_ring,
          shapermc_ecumenical_altar_mp_highgroup, fountainhead
D:2:      layout_loops_corners, basic_altar, serial_shops, nicolae_shop_trees,
          uniq_terence
D:3:      layout_basic, minivault_25, uniq_jessica, uniq_sigmund
D:4:      cheibrodos_quashed, layout_basic, old_standard_altar,
          mainiacjoe_overflow_cross_hatched
D:5:      layout_rooms, temple_hall, corexii_corridor_pit, minmay_holes,
          nicolae_wooded_promenade
D:6:      layout_loops_ring, grunt_gozag_statues,
          chequers_temple_overflow_minitemple
D:7:      layout_cave_pools, chequers_serial_rivers_large_a, uniq_duvessa
D:8:      layout_basic, mainiacjoe_overflow_24_doors
D:9:      minmay_inner_zag, layout_irregular_city, orc_0_dummy
D:10:     layout_basic, erik_lair_dragon, serial_corexii_hall,
          chequers_hall_statues_y, corexii_hall_statues_deadend,
          corexii_hall_statues_l, corexii_hall_statues_i
D:11:     layout_rooms, fountainhead
D:12:     layout_roguey, uniq_nergalle
D:13:     layout_basic, david_vaults_3, enter_bailey_7
D:14:     minmay_roctagon, layout_rooms, serial_shops,
          nicolae_shop_behind_doors, nicolae_trove_entry_crossroad,
          nzn_wu_jian_contemplation, uniq_roxanne
D:15:     grunt_enter_depths_giant_problem, layout_grid_maze, lemuel_tele_altar,
          ebering_ghost_reflecting_pool, uniq_josephine
Temple:   oiseaux_autumnal_temple
Lair:1:   layout_regular_city
Lair:2:   layout_chaotic_city, serial_bayou_shore_a
Lair:3:   layout_cave_pods, minmay_shoals_entry_centaurs, grunt_megastairs_1,
          serial_bayou_shore_b
Lair:4:   layout_regular_city, dummy_snake_entry, serial_bayou_lagoon_b
Lair:5:   layout_roguey, minmay_lair_oklob_bushes, uniq_kirke
Lair:6:   evil_forest, layout_cave_pods, nicolae_slime_entry_slimehenge,
          special_room [special_room_mythical_zoo]
Shoals:1: layout_shoals, nicolae_shoals_circle_sea_wall
Snake:1:  kennysheep_six_static_rooms, layout_misc_corridors, uniq_aizul,
          uniq_frances, uniq_louise
Snake:2:  layout_basic, portal_ice_cave_entry_ice_statue_two
Snake:3:  layout_gridlike, grunt_ministairs_4, minmay_shop_grid_forest,
          nicolae_coiled_stairwell_up
Orc:1:    layout_caves, serial_shops, nicolae_shop_window_shopping
Orc:2:    st_orc_mages, layout_caves, ebering_ghost_xom, serial_shops,
          nicolae_shop_stone, shop, nicolae_shop_statue_plus, shop

Skill      XL: |  1  2  3  4  5  6  7  8  9 10 11 12 13 14 15 16 17 |
---------------+----------------------------------------------------+-----
Unarmed Combat | 4 6 8 11 12 13 14 15 16 17 18 | 18.8
Dodging        | 3 4 6 7 8 9 |  9.7
Fighting       | 4 5 8 9 10 | 10.1
Invocations    | 6 8 9 |  9.0
Evocations     | 1 3 5 6 |  6.0
Spellcasting   | 2 5 6 7 8 9 |  9.5
Transmutations | 2 6 9 12 13 | 13.0
Translocations | 1 4 8 10 12 | 12.4
Stealth        | |  1.7

Action                   |  1- 3 |  4- 6 |  7- 9 | 10-12 | 13-15 | 16-18 || total
-------------------------+-------+-------+-------+-------+-------+-------++-------
Melee: Whip              |    18 |       |       |       |       |       ||    18
       Short sword       |    65 |       |       |       |       |       ||    65
       Tailslap          |     3 |    14 |    32 |    70 |    97 |    64 ||   280
       Punch             |     2 |       |     9 |    29 |    54 |    39 ||   133
       Unarmed           |    11 |   105 |   229 |   410 |   704 |   741 ||  2200
Throw: Dart              |       |       |       |     8 |    24 |       ||    32
 Cast: Blade Hands       |       |       |       |       |    32 |    41 ||    73
       Manifold Assault  |       |       |       |       |       |   229 ||   229
Invok: Ancestor Life: Kn |       |       |     1 |       |       |       ||     1
       Ancestor Identity |       |       |     1 |       |       |       ||     1
       Recall Ancestor   |       |       |     2 |     9 |    11 |    10 ||    32
       Transference      |       |       |       |     1 |       |       ||     1
 Abil: Breathe Lightning |       |       |     4 |       |       |     1 ||     5
       End Transformatio |       |       |       |       |     2 |     3 ||     5
Evoke: Lightning rod     |       |       |       |     8 |     8 |       ||    16
       Wand              |       |       |       |     3 |    17 |       ||    20
  Use: Scroll            |       |    13 |     9 |     6 |     2 |     9 ||    39
       Potion            |       |     1 |       |     2 |     1 |    10 ||    14
 Stab: Sleeping          |     4 |     5 |     4 |     1 |     5 |     2 ||    21
       Distracted        |       |       |     1 |     7 |     6 |     7 ||    21
Armor: Skin              |    18 |    32 |    91 |   166 |   248 |   158 ||   713
Dodge: Dodged            |    53 |    52 |   130 |   286 |   497 |   414 ||  1432
